 Dungeon Sprint DCSS version 0.24.1-14-gf8d2b509d9 (webtiles) character file.

Game seed: 15464703235646250489, levelgen mode: deterministic

262562 Baz the Archmage (level 17, -8/197 HPs)
             Began as a White Draconian Fire Elementalist on Oct 2, 2020.
             Was the Champion of Sif Muna.
             Killed from afar by a Hell Sentinel (50 damage)
             ... with an iron shot
             ... in the Dungeon (Sprint III: "The Ten Rune Challenge").
             The game lasted 01:37:19 (16046 turns).

Baz the Archmage (DrFE)                            Turns: 16046, Time: 01:37:19

Health: -8/197     AC: 29    Str: 11    XL:     17   Next: 54%
Magic:  21/48      EV: 17    Int: 22    God:    Sif Muna [******]
Gold:   1834       SH: 16    Dex: 14    Spells: 10/70 levels left

rFire    + . .     SeeInvis .   l - staff of energy
rCold    + . .     Gourm    .   V - +1 shield {rPois}
rNeg     + . .     Faith    .   (armour unavailable)
rPois    ∞         Spirit   .   (helmet restricted)
rElec    +         Reflect  .   T - +0 cloak
rCorr    .         Harm     .   (gloves currently unavailable)
MR       +....     NoTele   +   (boots currently unavailable)
Stlth    ++........             x - amulet of the acrobat
HPRegen  0.42/turn              A - ring "Worhangape" {rF+ EV+5}
MPRegen  0.31/turn              C - ring of Doimnichim {Wiz Dex+2}

@: statue-form, very slow
A: (breathe frost), unfitting armour, hooves 1, blurry vision 1, cold resistance
1, poison resistance, robust 1, cold-blooded, AC +9
}: 5/10 runes: decaying, serpentine, silver, obsidian, demonic
a: End Transformation, Channel Magic, Forget Spell, Divine Exegesis, Renounce
Religion


You were in the Dungeon.
You worshipped Sif Muna.
Sif Muna was exalted by your worship.
You were not hungry.
You were a stone statue.
You visited 1 branch You collected 4296 gold pieces.
You spent 2462 gold pieces at shops.

Inventory:

Hand Weapons
 p - a +4 double sword
 D - the +8 war axe of Past Mistakes {flame, +Rage +Fly rElec rC-}
   (You bought it in a shop in the Dungeon)

   It has been specially enchanted to burn those struck by it, causing extra
   injury to most foes and up to half again as much damage against particularly
   susceptible opponents.
   Big, fiery blades are also staple armaments of hydra-hunters.
   It makes you vulnerable to cold.
   It insulates you from electricity.
   It lets you fly.
   It lets you go berserk.
Armour
 j - a +2 large shield of reflection
 G - a +0 pair of boots (melded)
 H - a +0 shield
 T - a +0 cloak (worn)
 U - a +0 pair of gloves (melded)
 V - a +1 shield of poison resistance (worn)
Magical Staves
 l - an uncursed staff of energy (weapon)
 J - an uncursed staff of poison
 K - an uncursed staff of air
 Q - an uncursed staff of wizardry
Jewellery
 x - an amulet of the acrobat (around neck)
 z - the amulet of Ymecipsaso {Harm *Drain Dex+5}
   (You found it in the Dungeon)

   [amulet of harm]

   It increases damage dealt and taken.
   It affects your dexterity (+5).
   It causes draining when unequipped.
 A - the ring "Worhangape" (left hand) {rF+ EV+5}
   (You found it in the Dungeon)

   [ring of evasion]

   It affects your evasion (+5).
   It protects you from fire.
 C - the ring of Doimnichim (right hand) {Wiz Dex+2}
   (You took it off a deep elf death mage in the Dungeon)

   [ring of wizardry]

   It improves your spell success rate.
   It affects your dexterity (+2).
 M - an uncursed ring of protection from fire
 O - an uncursed ring of flight
 P - an uncursed ring of protection from cold {unknown}
 R - an uncursed ring of stealth {unknown}
Wands
 f - a wand of disintegration (39)
 r - a wand of polymorph (6)
 s - a wand of digging (8)
 u - a wand of clouds (3)
 w - a wand of acid (7)
 y - a wand of iceblast (18)
Scrolls
 h - a scroll of random uselessness {unknown}
 i - a scroll of torment
 k - 3 scrolls of remove curse
 n - a scroll of immolation
 v - 5 scrolls of enchant armour
 B - 5 scrolls of amnesia
 N - 6 scrolls of enchant weapon
 S - a scroll of fear {unknown}
Potions
 a - 3 potions of mutation
 c - 3 potions of curing
 d - 2 potions of heal wounds
 e - 2 potions of haste
 g - a potion of berserk rage
 m - a potion of ambrosia
 o - 4 potions of flight
 q - 4 potions of might
 E - a potion of cancellation
 F - a potion of magic
Miscellaneous
 t - a lamp of fire
 I - a fan of gales
 L - a phantom mirror
Comestibles
 b - 27 rations


   Skills:
 - Level 9.9 Fighting
 - Level 1.7 Dodging
 - Level 1.7 Stealth
 + Level 20.5 Shields
 O Level 27 Spellcasting
 + Level 24.4 Conjurations
 - Level 6.8 Necromancy
 - Level 9.8 Transmutations
 + Level 12.5 Fire Magic
 - Level 24.0 Ice Magic
 - Level 13.3 Earth Magic
 - Level 15.0 Invocations


You had 10 spell levels left.
You knew the following spells:

 Your Spells              Type           Power        Failure   Level  Hunger
a - Flame Tongue          Conj/Fire      #####        0%          1    None
b - Throw Flame           Conj/Fire      ######       0%          2    None
c - Conjure Flame         Conj/Fire      #######.     0%          3    None
d - Sticky Flame          Conj/Fire      #######.     0%          4    None
e - Blink                 Tloc           N/A          1%          2    None
f - Fireball              Conj/Fire      #######...   0%          5    None
g - Bolt of Magma         Conj/Fire/Erth #######...   1%          5    None
h - Statue Form           Tmut/Erth      ######...    1%          6    None
i - Borgnjor's Vile Clut  Necr/Erth      ######....   1%          5    None
j - Bolt of Cold          Conj/Ice       #######...   0%          6    None
k - Apportation           Tloc           ####..       1%          1    None
l - Iron Shot             Conj/Erth      #######...   1%          6    None
m - Lee's Rapid Deconstr  Erth           ######....   1%          5    None
n - Glaciate              Conj/Ice       #######...   2%          9    None

Your spell library contained the following spells:

 Spells                   Type           Power        Failure   Level  Hunger
 Beastly Appendage        Tmut           ######       0%          1    None
 Freeze                   Ice            ####         0%          1    None
 Magic Dart               Conj           ####         0%          1    None
 Sandblast                Erth           ######       0%          1    None
 Shock                    Conj/Air       ####         0%          1    None
 Sting                    Conj/Pois      ####         0%          1    None
 Ensorcelled Hibernation  Hex/Ice        ######       0%          2    None
 Passwall                 Tmut/Erth      ######..     0%          2    None
 Searing Ray              Conj           ######       0%          2    None
 Throw Frost              Conj/Ice       ######       0%          2    None
 Dazzling Spray           Conj/Hex       ######       0%          3    None
 Ozocubu's Armour         Chrm/Ice       ######..     0%          3    None
 Static Discharge         Conj/Air       ######..     0%          3    None
 Stone Arrow              Conj/Erth      ######       0%          3    None
 Ice Form                 Ice/Tmut       #######.     0%          4    None
 Iskenderun's Mystic Bla  Conj           #######.     0%          4    None
 Throw Icicle             Conj/Ice       #######.     0%          4    None
 Ozocubu's Refrigeration  Ice            #######...   0%          6    None
 Animate Skeleton         Necr           N/A          1%          1    None
 Confusing Touch          Hex            ####..       1%          1    None
 Corona                   Hex            ####...      1%          1    None
 Infusion                 Chrm           ####         1%          1    None
 Pain                     Necr           ####         1%          1    None
 Summon Butterflies       Summ           ####....     1%          1    None
 Summon Small Mammal      Summ           ####         1%          1    None
 Call Imp                 Summ           ####....     1%          2    None
 Corpse Rot               Necr           N/A          1%          2    None
 Poisonous Vapours        Pois/Air       ####..       1%          2    None
 Shroud of Golubria       Chrm/Tloc      ####..       1%          2    None
 Slow                     Hex            ####....     1%          2    None
 Song of Slaying          Chrm           ####....     1%          2    None
 Sticks to Snakes         Tmut           ######..     1%          2    None
 Sublimation of Blood     Necr           ######....   1%          2    None
 Swiftness                Chrm/Air       ####....     1%          2    None
 Call Canine Familiar     Summ           ####....     1%          3    None
 Confuse                  Hex            ####....     1%          3    None
 Gell's Gravitas          Tloc           ####......   1%          3    None
 Ignite Poison            Fire/Tmut/Pois ######..     1%          3    None
 Inner Flame              Hex/Fire       ######..     1%          3    None
 Lesser Beckoning         Tloc           ####......   1%          3    None
 Mephitic Cloud           Conj/Pois/Air  ######..     1%          3    None
 Portal Projectile        Hex/Tloc       ####..       1%          3    None
 Recall                   Summ/Tloc      N/A          1%          3    None
 Regeneration             Chrm/Necr      #####.....   1%          3    None
 Spectral Weapon          Hex/Chrm       ####....     1%          3    None
 Spider Form              Tmut/Pois      ######....   1%          3    None
 Summon Guardian Golem    Hex/Summ       ####....     1%          3    None
 Teleport Other           Tloc           ####....     1%          3    None
 Tukima's Dance           Hex            ####....     1%          3    None
 Vampiric Draining        Necr           ######....   1%          3    None
 Animate Dead             Necr           N/A          1%          4    None
 Force Lance              Conj/Tloc      ######..     1%          4    None
 Fulminant Prism          Conj/Hex       ######....   1%          4    None
 Leda's Liquefaction      Hex/Erth       ######....   1%          4    None
 Petrify                  Tmut/Erth      ######..     1%          4    None
 Summon Ice Beast         Ice/Summ       ######..     1%          4    None
 Agony                    Necr           ######..     1%          5    None
 Alistair's Intoxication  Tmut/Pois      ######..     1%          5    None
 Blade Hands              Tmut           ######....   1%          5    None
 Bolt of Draining         Conj/Necr      #######...   1%          5    None
 Dispel Undead            Necr           ######..     1%          5    None
 Irradiate                Conj/Tmut      #######...   1%          5    None
 Iskenderun's Battlesphe  Conj/Chrm      ######..     1%          5    None
 Lightning Bolt           Conj/Air       ######....   1%          5    None
 Metabolic Englaciation   Hex/Ice        ######....   1%          5    None
 Venom Bolt               Conj/Pois      ######....   1%          5    None
 Yara's Violent Unravell  Hex/Tmut       ######....   1%          5    None
 Bolt of Fire             Conj/Fire      #######...   1%          6    None
 Conjure Ball Lightning   Conj/Air       ######....   1%          6    None
 Freezing Cloud           Conj/Ice/Air   #######...   1%          6    None
 Hydra Form               Tmut           ######....   1%          6    None
 Poison Arrow             Conj/Pois      ######....   1%          6    None
 Simulacrum               Ice/Necr       #######...   1%          6    None
 Orb of Destruction       Conj           #######...   1%          7    None
 Lehudib's Crystal Spear  Conj/Erth      #######...   1%          8    None
 Excruciating Wounds      Chrm/Necr      #####.....   2%          5    None
 Spellforged Servitor     Conj/Summ      ######....   2%          7    None
 Airstrike                Air            ####......   4%          4    None
 Cause Fear               Hex            ####......   4%          4    None
 Olgreb's Toxic Radiance  Pois           ####....     4%          4    None
 Passage of Golubria      Tloc           N/A          4%          4    None
 Summon Lightning Spire   Summ/Air       ####....     4%          4    None
 Death Channel            Necr           ######....   4%          6    None
 Dragon Form              Tmut           ######....   6%          7    None
 Aura of Abjuration       Summ           ####......   12%         5    None
 Silence                  Hex/Air        ####......   12%         5    None
 Summon Forest            Summ/Tloc      ####......   12%         5    None
 Summon Mana Viper        Hex/Summ       ####....     12%         5    None
 Ignition                 Fire           ######....   16%         8    None
 Chain Lightning          Conj/Air       ######....   19%         8    None
 Fire Storm               Conj/Fire      #######...   22%         9    None
 Ring of Flames           Chrm/Fire      ######....   26%         7    None
 Darkness                 Hex            ####......   52%         6    None
 Deflect Missiles         Chrm/Air       ####......   52%         6    None
 Invisibility             Hex            ####....     52%         6    None
 Shadow Creatures         Summ           N/A          52%         6    None
 Haunt                    Necr/Summ      #####.....   61%         7    None
 Necromutation            Tmut/Necr      ######....   63%         8    None
 Borgnjor's Revivificati  Necr           ######....   82%         8    None
 Infestation              Necr           ######....   82%         8    None
 Shatter                  Erth           ######....   85%         9    None
 Malign Gateway           Summ/Tloc      ####......   96%         7    None
 Monstrous Menagerie      Summ           ####......   96%         7    None
 Summon Hydra             Summ           ####......   96%         7    None
 Death's Door             Chrm/Necr      #####.....   99%         8    None
 Discord                  Hex            ####......   100%        8    None
 Summon Horrible Things   Summ           ####......   100%        8    None
 Dragon's Call            Summ           ####......   100%        9    None
 Tornado                  Air            ####......   100%        9    None


Dungeon Overview and Level Annotations

Branches:
Dungeon (1/1)

Altars:
Cheibriados
Dithmenos
Elyvilon
Fedhas
Gozag
Hepliaklqana
Kikubaaqudgha
Makhleb
Nemelex Xobeh
Okawaru
Qazlal
Ru
Sif Muna
Trog
Uskayaw
Vehumet
Wu Jian
Xom
Yredelemnul
Zin
The Shining One
Beogh
Jiyva
Lugonu

Shops:
D (}=%[*!!!}}=*[((=?}:%!

Annotations:
D Dispater


Innate Abilities, Weirdness & Mutations

((You can breathe waves of freezing cold.))
((You can buffet flying creatures when you breathe cold.))
((Your icy white scales are hard. (AC +9)))
You cannot fit into any form of body armour.
Your flesh is cold resistant. (rC+)
You are cold-blooded and may be slowed by cold attacks.
You have large cloven feet.
Scrolls take you a little longer to read.
Your system is resistant to poisons. (rPois)
You are robust. (+10% HP)


Message History

Unknown command.
Unknown command.
Casting: Glaciate (slightly dangerous; 2% risk of failure)
Confirm with . or Enter, or press ? or * to list all spells.
Aiming: Glaciate (slightly dangerous; 2% risk of failure)
Press: ? - help, Shift-Dir - straight line You conjure a mighty blast of ice!
The great icy blast engulfs the Hell Sentinel!!
The Hell Sentinel partially resists.
The Hell Sentinel is almost dead.
The great icy blast engulfs Dispater!!
Dispater partially resists.
Dispater is moderately wounded.
The great icy blast engulfs the Hell Sentinel!!
The Hell Sentinel partially resists.
The Hell Sentinel is frozen into a solid block of ice!
You kill the Hell Sentinel!
Sif Muna accepts your kill. The Hell Sentinel gestures at you.
The iron shot hits you!!!
You die...

,,* ♣♣≈♣♣.≈.≈.♣ ##########..##
,** ♣♣.≈♣♣♣♣♣♣.♣ ##...))......##
** ♣.≈...°§...♣ #∩...)).....### *
♣..≈.°.≈°≈.♣ #∩.############
♣.♣≈..°○°..♣ #∩.......†...##
♣♣♣♣♣♣♣♣∩∩∩♣ ##...........##
♣♣♣♣♣ ##############
#################################
§}.##^'..#§§§§§18##)≈....≈)#...##
##▓##.#..'§☼####&##≈......≈#...##
≈§§##.####..#,,§8##........#'###.
≈§°##.#..##'#,§☼§##.......([..)'.
≈§°##.#.[#.^#°§☼§##........#'###.
.§○##.'..#..#°○§§##≈......≈#≈≈≈##
§§.#######''#######)≈....≈)#'#'##
§§§###.#.#..#.#.######''####.#.#
○§8##.^........^.##..'.....#'####


You could see Dispater and a Hell Sentinel.

Vanquished Creatures
  the Serpent of Hell (D)
  Mara (D)
  Mennas (D)
  Sojobo (D)
  Boris (D)
  Sigmund (D)
  Xtahua (D)
  Geryon (D)
  Nikola (D)
  Nellie (D)
  An iron giant (D)
  A Brimstone Fiend (D)
  Rupert (D)
  2 Hell Sentinels (D)
  A lich (D)
  2 titans (D)
  4 deep elf blademasters (D)
  An Executioner (D)
  A deep elf master archer (D)
  2 quicksilver dragons (D)
  Gastronok (D)
  Chuck (D)
  A storm dragon (D)
  A nagaraja (D)
  2 shadow dragons (D)
  Roxanne (D)
  A draconian knight (D)
  3 fire giants (D)
  An iron dragon (D)
  3 stone giants (D)
  4 war gargoyles (D)
  2 vampire knights (D)
  2 deep elf demonologists (D)
  2 dire elephants (D)
  2 deep elf annihilators (D)
  A yellow draconian (D)
  A mummy priest (D)
  2 deep elf death magi (D)
  2 fire dragons (D)
  17 vault guards (D)
  2 yaktaur captains (D)
  2 hell beasts (D)
  3 hydras (D)
  A naga warrior (D)
  2 centaur warriors (D)
  Erolcha (D)
  2 iron elementals (D)
  2 anacondas (D)
  An ogre mage (D)
  4 death yaks (D)
  4 dancing weapons (D)
  Urug (D)
  2 sun demons (D)
  An iron golem (D)
  2 soul eaters (D)
  4 deep elf knights (D)
  A shadow wraith (D)
  8 skeletal warriors (D)
  A deep troll (shapeshifter) (D)
  A spriggan druid (D)
  An anaconda zombie (D)
  2 golden dragon zombies (D)
  A spectral iron dragon (D)
  2 obsidian statues (D)
  A lindwurm (D)
  A death drake (D)
  An orc knight (D)
  4 deep elf magi (D)
  A mana viper (shapeshifter) (D)
  2 oklob plants (D)
  A shining eye (D)
  4 crystal guardians (D)
  5 ugly things (D)
  2 elephants (D)
  A guardian serpent (D)
  7 black mambas (D)
  2 iron troll simulacra (D)
  8 statues (D)
  2 spiny frogs (D)
  3 rust devils (D)
  Edmund (D)
  A molten gargoyle (D)
  A rime drake (D)
  A komodo dragon (D)
  9 yaktaurs (D)
  2 anaconda simulacra (D)
  2 ice devils (D)
  4 spriggan defenders (D)
  2 tyrant leeches (D)
  3 wandering mushrooms (D)
  A queen bee (D)
  3 hornets (D)
  8 blink frogs (D)
  2 orc high priests (D)
  11 slime creatures (D)
  A dream sheep (shapeshifter) (D)
  A shadow (D)
  2 spriggans (D)
  5 redbacks (D)
  A golden eye (D)
  A spatial vortex (D)
  2 nagas (D)
  A floating eye (D)
  2 orc warriors (D)
  A swamp drake (D)
  A water moccasin (D)
  2 hell hounds (D)
  A black mamba simulacrum (D)
  A necrophage (D)
  5 two-headed ogres (D)
  A water elemental (D)
  A scorpion (D)
  32 killer bees (D)
  5 electric eels (D)
  A jelly (D)
  2 orc priests (D)
  5 orc wizards (D)
  A wizard (D)
  A necromancer (D)
  2 wolf simulacra (D)
  A polar bear simulacrum (D)
  3 humans (D)
  A kobold demonologist (D)
  9 adders (D)
  2 oozes (D)
  10 orcs (D)
  2 rats (D)
  2 bushes (D)
  4 butterflies (D)
  4 plants (D)
339 creatures vanquished.

Vanquished Creatures (others)
  2 draconian scorchers (D)
  Nessos (D)
  A glowing orange brain (D)
  6 hellions (D)
  3 yaktaurs (D)
  A slime creature (D)
  An orc priest (D)
  2 ball lightnings (D)
  7 ballistomycete spores (D)
  11 blocks of ice (D)
  A bush (D)
  36 plants (D)
72 creatures vanquished.

Grand Total: 411 creatures vanquished

Notes
Turn   | Place    | Note
-------+----------+-------------------------------------------
     0 | D        | Baz the Draconian Fire Elementalist began the quest for the
                  | Orb.
     0 | D        | Reached XP level 1. HP: 14/14 MP: 3/3
    49 | D        | Reached XP level 2. HP: 20/20 MP: 0/5
    93 | D        | Killed a hellion
    99 | D        | Killed a hellion
   100 | D        | Killed a hellion
   100 | D        | Killed a hellion
   143 | D        | Killed a yaktaur
   144 | D        | Killed a yaktaur
   148 | D        | Learned a level 2 spell: Throw Flame
   151 | D        | Killed a hellion
   154 | D        | Killed a white draconian scorcher
   165 | D        | Reached skill level 3 in Spellcasting
   165 | D        | Reached XP level 3. HP: 16/26 MP: 0/7
   176 | D        | Killed a white draconian scorcher
   259 | D        | Killed a hellion
   298 | D        | Noticed a scorpion
   310 | D        | Killed a scorpion
   310 | D        | Reached skill level 5 in Conjurations
   310 | D        | Reached skill level 5 in Fire Magic
   310 | D        | Reached XP level 4. HP: 16/33 MP: 0/9
   560 | D        | Gained mutation: Your system is resistant to poisons.
                  | (rPois) [potion of mutation]
   560 | D        | Gained mutation: You have large cloven feet. [potion of
                  | mutation]
   560 | D        | Gained mutation: You are robust. (+10% HP) [potion of
                  | mutation]
   585 | D        | Learned a level 3 spell: Conjure Flame
   587 | D        | Noticed a water elemental
   590 | D        | Killed a water elemental
   590 | D        | Reached skill level 4 in Spellcasting
   648 | D        | Learned a level 4 spell: Sticky Flame
   648 | D        | Found a radiant altar of Vehumet.
   648 | D        | Found a shimmering blue altar of Sif Muna.
   648 | D        | Found an ancient bone altar of Kikubaaqudgha.
   648 | D        | Noticed a wizard
   650 | D        | Killed a wizard
   650 | D        | Reached skill level 5 in Spellcasting
   650 | D        | Reached XP level 5. HP: 41/41 MP: 6/12
   660 | D        | Learned a level 2 spell: Blink
   744 | D        | Found a hide-covered altar of Uskayaw.
   744 | D        | Found a roughly hewn altar of Beogh.
   744 | D        | Found an iron altar of Okawaru.
   744 | D        | Found a bloodstained altar of Trog.
   744 | D        | Found an ornate altar of the Wu Jian Council.
   744 | D        | Noticed a human
   744 | D        | Noticed a human
   753 | D        | Killed a human
   753 | D        | Reached skill level 6 in Spellcasting
   753 | D        | Reached XP level 6. HP: 23/49 MP: 5/15
   778 | D        | Killed a human
   778 | D        | Reached skill level 7 in Spellcasting
   937 | D        | Became a worshipper of Sif Muna the Loreminder
   951 | D        | Learned a level 5 spell: Fireball
   951 | D        | Found a glowing silver altar of Zin.
   951 | D        | Found a glowing golden altar of the Shining One.
   951 | D        | Found a white marble altar of Elyvilon.
   951 | D        | Noticed a deep elf mage
   954 | D        | Killed a deep elf mage
   954 | D        | Reached skill level 8 in Spellcasting
   954 | D        | Reached skill level 10 in Conjurations
   954 | D        | Reached skill level 10 in Fire Magic
   954 | D        | Your scales start taking on an icy white colour.
   954 | D        | Reached XP level 7. HP: 55/55 MP: 2/19
   954 | D        | Gained mutation: Your flesh is cold resistant. (rC+) [White
                  | Draconian growth]
  1070 | D        | Found a basalt altar of Yredelemnul.
  1070 | D        | Found a shadowy altar of Dithmenos.
  1070 | D        | Found a sacrificial altar of Ru.
  1072 | D        | Reached skill level 1 in Fighting
  1072 | D        | Reached skill level 9 in Spellcasting
  1074 | D        | Reached * piety under Sif Muna
  1191 | D        | Noticed a shadow
  1193 | D        | Killed a shadow
  1193 | D        | Reached skill level 1 in Invocations
  1193 | D        | Reached XP level 8. HP: 58/68 MP: 9/21
  1281 | D        | Found a blossoming altar of Fedhas.
  1281 | D        | Found a stormy altar of Qazlal.
  1281 | D        | Found a snail-covered altar of Cheibriados.
  1281 | D        | Found a burning altar of Makhleb.
  1281 | D        | Found a shimmering altar of Xom.
  1282 | D        | Found a hazy altar of Hepliaklqana.
  1282 | D        | Found an opulent altar of Gozag.
  1282 | D        | Found a sparkling altar of Nemelex Xobeh.
  1282 | D        | Found a corrupted altar of Lugonu.
  1282 | D        | Found a viscous altar of Jiyva.
  1296 | D        | Reached ** piety under Sif Muna
  1459 | D        | Noticed a two-headed ogre
  1465 | D        | Killed a two-headed ogre
  1465 | D        | Reached *** piety under Sif Muna
  1538 | D        | Noticed a two-headed ogre
  1538 | D        | Noticed Erolcha
  1544 | D        | Killed Erolcha
  1544 | D        | Reached skill level 10 in Spellcasting
  1544 | D        | Reached skill level 5 in Invocations
  1544 | D        | Reached XP level 9. HP: 82/82 MP: 9/23
  1547 | D        | Killed a two-headed ogre
  1923 | D        | Reached **** piety under Sif Muna
  1924 | D        | Reached ***** piety under Sif Muna
  1924 | D        | Identified Sif Muna's Papyrus of Mutagenic Arcane Weapons
                  | (Sif Muna gifted it to you in the Dungeon)
  1924 | D        | Received a gift from Sif Muna
  1930 | D        | Identified Jisar's Guide on Combat Magic and Augmentations
                  | (Sif Muna gifted it to you in the Dungeon)
  1930 | D        | Received a gift from Sif Muna
  1939 | D        | Reached skill level 11 in Spellcasting
  2096 | D        | Learned a level 5 spell: Bolt of Magma
  2103 | D        | Learned a level 5 spell: Metabolic Englaciation
  2105 | D        | Found a roughly hewn altar of Beogh.
  2116 | D        | Found Rilown's General Store.
  2351 | D        | Noticed a deep elf knight
  2351 | D        | Noticed a deep elf mage
  2351 | D        | Noticed a deep elf mage
  2351 | D        | Noticed a deep elf knight
  2351 | D        | Noticed a deep elf mage
  2364 | D        | Killed a deep elf knight
  2364 | D        | Reached XP level 10. HP: 94/94 MP: 9/25
  2369 | D        | Killed a deep elf mage
  2369 | D        | Killed a deep elf knight
  2371 | D        | Killed a deep elf mage
  2371 | D        | Reached skill level 12 in Spellcasting
  2371 | D        | Reached skill level 5 in Ice Magic
  2373 | D        | Killed a deep elf mage
  2544 | D        | Noticed a deep elf annihilator
  2545 | D        | Noticed a deep elf demonologist
  2549 | D        | Killed a deep elf demonologist
  2549 | D        | Reached skill level 5 in Earth Magic
  2552 | D        | Noticed a deep elf death mage
  2626 | D        | Identified the ring of Doimnichim {Wiz Dex+2}
  2626 | D        | Noticed a deep elf demonologist
  2626 | D        | Noticed a deep elf death mage
  2629 | D        | Noticed a deep elf master archer
  2630 | D        | Killed a deep elf death mage
  2630 | D        | Identified Sif Muna's Grimoire of Good Luck and Flames (Sif
                  | Muna gifted it to you in the Dungeon)
  2630 | D        | Received a gift from Sif Muna
  2630 | D        | Reached skill level 13 in Spellcasting
  2974 | D        | Reached XP level 11. HP: 101/101 MP: 20/28
  3075 | D        | Reached skill level 10 in Invocations
  3157 | D        | Identified Sif Muna's Catalogue of Stones (Sif Muna gifted
                  | it to you in the Dungeon)
  3157 | D        | Received a gift from Sif Muna
  3165 | D        | Learned a level 5 spell: Borgnjor's Vile Clutch
  3417 | D        | Reached skill level 14 in Spellcasting
  3498 | D        | Reached skill level 15 in Conjurations
  3520 | D        | Identified Sif Muna's Incunabulum of Virous Cold (Sif Muna
                  | gifted it to you in the Dungeon)
  3520 | D        | Received a gift from Sif Muna
  3527 | D        | Reached ****** piety under Sif Muna
  3546 | D        | Received a gift from Sif Muna
  3598 | D        | Identified Vunieted's Reference Book on Attacks and Evil
                  | (Sif Muna gifted it to you in the Dungeon)
  3598 | D        | Received a gift from Sif Muna
  3728 | D        | Reached skill level 1 in Necromancy
  3734 | D        | Identified Sif Muna's Catalogue of Hurtful Talismans (Sif
                  | Muna gifted it to you in the Dungeon)
  3734 | D        | Received a gift from Sif Muna
  4275 | D        | Noticed a lindwurm
  4278 | D        | Killed a lindwurm
  4278 | D        | Received a gift from Sif Muna
  4278 | D        | Reached skill level 10 in Ice Magic
  4522 | D        | Learned a level 6 spell: Bolt of Cold
  4525 | D        | Noticed Urug
  4529 | D        | Killed Urug
  4642 | D        | Noticed an eight-headed hydra
  4642 | D        | Noticed a five-headed hydra
  4647 | D        | Killed a five-headed hydra
  4647 | D        | Reached skill level 15 in Spellcasting
  4647 | D        | Killed an eight-headed hydra
  4647 | D        | Noticed a death drake
  4652 | D        | Killed a death drake
  4652 | D        | Reached XP level 12. HP: 47/108 MP: 20/31
  5081 | D        | Found a blossoming altar of Fedhas.
  5083 | D        | Received a gift from Sif Muna
  5254 | D        | Reached skill level 5 in Necromancy
  5266 | D        | Identified Sif Muna's Tome of Mutagenic Poison (Sif Muna
                  | gifted it to you in the Dungeon)
  5266 | D        | Received a gift from Sif Muna
  5712 | D        | Noticed Rupert
  5720 | D        | Killed Rupert
  6042 | D        | Noticed a death yak
  6043 | D        | Noticed a death yak
  6048 | D        | Noticed a death yak
  6049 | D        | Killed a death yak
  6050 | D        | Noticed a death yak
  6054 | D        | Killed a death yak
  6054 | D        | Reached skill level 16 in Spellcasting
  6055 | D        | Killed a death yak
  6057 | D        | Killed a death yak
  6063 | D        | Received a gift from Sif Muna
  6485 | D        | Noticed an azure jelly
  6485 | D        | Noticed an azure jelly
  6486 | D        | Noticed an azure jelly
  6486 | D        | Noticed an azure jelly
  6570 | D        | Learned a level 6 spell: Statue Form
  6572 | D        | Noticed Sigmund
  6572 | D        | Noticed Edmund
  6578 | D        | Killed Sigmund
  6578 | D        | Reached skill level 17 in Spellcasting
  6578 | D        | Reached skill level 10 in Earth Magic
  6578 | D        | Killed Edmund
  6791 | D        | Identified Sif Muna's Disquisition on Glacial Translocation
                  | (Sif Muna gifted it to you in the Dungeon)
  6791 | D        | Received a gift from Sif Muna
  6795 | D        | Learned a level 1 spell: Apportation
  6937 | D        | Identified the +7 halberd of Cheibriados's Approval {pain,
                  | Str+4}
  6937 | D        | Noticed a deep elf annihilator
  6944 | D        | Killed a deep elf annihilator
  6944 | D        | Reached skill level 5 in Transmutations
  6944 | D        | Reached XP level 13. HP: 111/122 MP: 5/34
  7068 | D        | Killed a deep elf master archer
  7087 | D        | Killed a deep elf demonologist
  7329 | D        | Killed a deep elf death mage
  7329 | D        | Reached skill level 18 in Spellcasting
  7330 | D        | Killed a deep elf annihilator
  7487 | D        | Got a slimy silver amulet
  7487 | D        | Got a crude glass ring
  7488 | D        | Identified the amulet of Ymecipsaso {Harm *Drain Dex+5}
                  | (You found it in the Dungeon)
  7489 | D        | Identified the ring "Worhangape" {rF+ EV+5} (You found it
                  | in the Dungeon)
  7708 | D        | Noticed a dire elephant
  7712 | D        | Noticed Gastronok
  7721 | D        | Identified Sif Muna's Disquisition on the Mutagenic
                  | Mountains (Sif Muna gifted it to you in the Dungeon)
  7721 | D        | Received a gift from Sif Muna
  7723 | D        | Killed a dire elephant
  7743 | D        | Killed Gastronok
  7760 | D        | Noticed a dire elephant
  7768 | D        | Killed a dire elephant
  7982 | D        | Noticed a fire dragon
  7986 | D        | Killed a fire dragon
  7986 | D        | Reached skill level 19 in Spellcasting
  8032 | D        | Found Nidanili's Food Shoppe.
  8032 | D        | Found Lebueq's Antique Weapon Boutique.
  8032 | D        | Found Ynitar Bish's Gadget Emporium.
  8283 | D        | Bought a ration for 60 gold pieces
  8283 | D        | Bought a ration for 60 gold pieces
  8283 | D        | Bought a ration for 60 gold pieces
  8283 | D        | Bought a ration for 60 gold pieces
  8283 | D        | Bought a ration for 60 gold pieces
  8283 | D        | Bought a ration for 60 gold pieces
  8283 | D        | Bought a ration for 60 gold pieces
  8283 | D        | Bought a ration for 60 gold pieces
  8283 | D        | Bought a ration for 60 gold pieces
  8283 | D        | Bought a ration for 60 gold pieces
  8284 | D        | Bought a warped war axe for 161 gold pieces
  8480 | D        | Identified the +8 war axe of Past Mistakes {flame, +Rage
                  | +Fly rElec rC-} (You bought it in a shop in the Dungeon)
  8591 | D        | Noticed Xtahua
  8593 | D        | Paralysed by Xtahua for 3 turns
  8597 | D        | Identified Sif Muna's Volume of Entrancing Battle Magic
                  | (Sif Muna gifted it to you in the Dungeon)
  8597 | D        | Received a gift from Sif Muna
  8599 | D        | Killed Xtahua
  8611 | D        | Got a decaying rune of Zot
  8732 | D        | Learned a level 6 spell: Iron Shot
  8920 | D        | Found Pydda's Weapon Emporium.
  8920 | D        | Found Bihiets's Magic Scroll Shop.
  8920 | D        | Found Perusuix's Antique Armour Boutique.
  8920 | D        | Found Bevijaa's Distillery.
  8920 | D        | Found Waischis's Antique Weapon Boutique.
  8920 | D        | Found Ikhluluw's Jewellery Emporium.
  8920 | D        | Found Nelur's Assorted Antiques.
  8920 | D        | Found Minigace's Food Shop.
  8920 | D        | Found Yczasmer's Jewellery Shop.
  8920 | D        | Found Kizuory's Book Emporium.
  8920 | D        | Found Quqac's Gadget Emporium.
  8920 | D        | Found Waethull's Gadget Boutique.
  8958 | D        | Bought a pitted trident for 229 gold pieces
  8959 | D        | Bought an uncursed amulet of the acrobat for 300 gold
                  | pieces
  8962 | D        | Bought a scroll of identify for 60 gold pieces
  8964 | D        | Bought a scroll of identify for 60 gold pieces
  8964 | D        | Identified the cursed +0 trident "Nelasici" {pierce, Str+5}
                  | (You bought it in a shop in the Dungeon)
  8981 | D        | Bought a scroll of identify for 28 gold pieces
  8981 | D        | Bought a scroll of identify for 28 gold pieces
  8983 | D        | Bought a scroll of identify for 28 gold pieces
  8983 | D        | Bought a scroll of identify for 28 gold pieces
  8983 | D        | Bought a scroll of identify for 28 gold pieces
  9002 | D        | Learned a level 5 spell: Lee's Rapid Deconstruction
  9159 | D        | Identified Sif Muna's Volume of Quantum Sinister Arts (Sif
                  | Muna gifted it to you in the Dungeon)
  9159 | D        | Received a gift from Sif Muna
  9441 | D        | Identified Sif Muna's Almanac of the Immovable Mice (Sif
                  | Muna gifted it to you in the Dungeon)
  9441 | D        | Received a gift from Sif Muna
  9441 | D        | Reached skill level 20 in Spellcasting
  9541 | D        | Reached XP level 14. HP: 130/130 MP: 27/38
  9544 | D        | Identified Sif Muna's Catalogue of Supportive Conjuration
                  | (Sif Muna gifted it to you in the Dungeon)
  9544 | D        | Received a gift from Sif Muna
  9645 | D        | Noticed a nagaraja
  9652 | D        | Killed a nagaraja
  9703 | D        | Found Wesyng's Jewellery Shop.
  9703 | D        | Found Feroqem's Food Shoppe.
  9705 | D        | Found Wiqocka's Antique Armour Boutique.
  9713 | D        | Bought a pair of boots for 94 gold pieces
  9784 | D        | Got a serpentine rune of Zot
 10039 | D        | Bought a wand of digging (5) for 198 gold pieces
 10103 | D        | Noticed Nellie
 10113 | D        | Killed Nellie
 10311 | D        | Got a demonic rune of Zot
 10495 | D        | Received a gift from Sif Muna
 10620 | D        | Reached skill level 21 in Spellcasting
 10719 | D        | Identified Sif Muna's Catalogue of the Hurtful Rocks (Sif
                  | Muna gifted it to you in the Dungeon)
 10719 | D        | Received a gift from Sif Muna
 10721 | D        | Reached skill level 5 in Shields
 10889 | D        | Reached skill level 15 in Ice Magic
 11179 | D        | Noticed Chuck
 11186 | D        | Killed Chuck
 11222 | D        | Identified the +3 scimitar of the Valley of Death {slice,
                  | rC+} (You found it in the Dungeon)
 11236 | D        | Noticed Sojobo
 11241 | D        | Identified Sif Muna's Volume of Supportive Hexes (Sif Muna
                  | gifted it to you in the Dungeon)
 11241 | D        | Received a gift from Sif Muna
 11252 | D        | Killed Sojobo
 11252 | D        | Reached skill level 22 in Spellcasting
 11328 | D        | Noticed a lich
 11331 | D        | Killed a lich
 11442 | D        | Noticed a shadow dragon
 11445 | D        | Noticed a shadow dragon
 11450 | D        | Killed a shadow dragon
 11450 | D        | Identified Sif Muna's Grimoire of Stones and the Entourage
                  | (Sif Muna gifted it to you in the Dungeon)
 11450 | D        | Received a gift from Sif Muna
 11451 | D        | Killed a shadow dragon
 11630 | D        | Noticed a stone giant
 11630 | D        | Noticed a titan
 11630 | D        | Noticed a titan
 11630 | D        | Noticed a fire giant
 11630 | D        | Noticed a quicksilver dragon
 11630 | D        | Noticed a fire giant
 11630 | D        | Noticed a quicksilver dragon
 11631 | D        | Noticed a fire giant
 11633 | D        | Reached XP level 15. HP: 138/138 MP: 20/41
 11639 | D        | Killed a titan
 11639 | D        | Received a gift from Sif Muna
 11639 | D        | Reached skill level 10 in Shields
 11641 | D        | Killed a titan
 11641 | D        | Reached skill level 23 in Spellcasting
 11643 | D        | Killed a quicksilver dragon
 11645 | D        | Killed a fire giant
 11648 | D        | Killed a fire giant
 11652 | D        | Identified Sif Muna's Disquisition on Battle Magic (Sif
                  | Muna gifted it to you in the Dungeon)
 11652 | D        | Received a gift from Sif Muna
 11652 | D        | Killed a quicksilver dragon
 11652 | D        | Received a gift from Sif Muna
 11652 | D        | Reached skill level 24 in Spellcasting
 11662 | D        | Killed a fire giant
 11668 | D        | Identified Sif Muna's Reference Book on Feathers and Shape
                  | Shifting (Sif Muna gifted it to you in the Dungeon)
 11668 | D        | Received a gift from Sif Muna
 11938 | D        | Got a silver rune of Zot
 11941 | D        | Identified the Disquisition on Assistive Combat Magic
 11965 | D        | Identified Sif Muna's Collected Works on Assistive Attacks
 12182 | D        | Killed Nessos
 12287 | D        | Noticed an ancient lich
 12580 | D        | Identified Sif Muna's Handbook of Unholy Rites and Boosts
                  | (Sif Muna gifted it to you in the Dungeon)
 12580 | D        | Received a gift from Sif Muna
 12614 | D        | Noticed Mara
 12625 | D        | Killed Mara
 12627 | D        | Reached XP level 16. HP: 127/147 MP: 20/44
 12772 | D        | Noticed a storm dragon
 12773 | D        | Noticed Nikola
 12776 | D        | Killed a storm dragon
 12776 | D        | Identified Plog's Compendium of Hexes and Unholy Rituals
                  | (Sif Muna gifted it to you in the Dungeon)
 12776 | D        | Received a gift from Sif Muna
 12794 | D        | Killed Nikola
 12958 | D        | Received a gift from Sif Muna
 13003 | D        | Reached skill level 25 in Spellcasting
 13194 | D        | Found Fopiommi's Gadget Shoppe.
 13194 | D        | Found Couquuhe's Food Shop.
 13196 | D        | Found Fuzozya's Distillery.
 13196 | D        | Found Niteufin's Distillery.
 13198 | D        | Reached skill level 15 in Invocations
 13205 | D        | Bought a ration for 60 gold pieces
 13205 | D        | Bought a ration for 60 gold pieces
 13205 | D        | Bought a ration for 60 gold pieces
 13205 | D        | Bought a ration for 60 gold pieces
 13205 | D        | Bought a ration for 60 gold pieces
 13237 | D        | Bought a potion of haste for 140 gold pieces
 13319 | D        | Found Ogiat's Distillery.
 13325 | D        | Received a gift from Sif Muna
 13370 | D        | Noticed Roxanne
 13377 | D        | Killed Roxanne
 13548 | D        | Learned a level 9 spell: Glaciate
 13627 | D        | Noticed Boris
 13629 | D        | Reached skill level 15 in Shields
 13641 | D        | Killed Boris
 13643 | D        | Noticed Mennas
 13644 | D        | Identified Sif Muna's Catalogue of Sinister Rituals and the
                  | Rocks (Sif Muna gifted it to you in the Dungeon)
 13644 | D        | Received a gift from Sif Muna
 13647 | D        | Killed Mennas
 14250 | D        | Received a gift from Sif Muna
 14375 | D        | Received a gift from Sif Muna
 14462 | D        | Noticed an Executioner
 14465 | D        | Killed an Executioner
 14465 | D        | Reached skill level 26 in Spellcasting
 14482 | D        | Noticed a deep elf blademaster
 14482 | D        | Noticed a deep elf blademaster
 14485 | D        | Killed a deep elf blademaster
 14489 | D        | Noticed a deep elf blademaster
 14492 | D        | Killed a deep elf blademaster
 14502 | D        | Killed a deep elf blademaster
 14502 | D        | Received a gift from Sif Muna
 14743 | D        | Noticed a deep elf blademaster
 14750 | D        | Killed a deep elf blademaster
 14835 | D        | Gained mutation: Scrolls take you a little longer to read.
                  | [a shining eye]
 14926 | D        | Bought a ration for 60 gold pieces
 14926 | D        | Bought a ration for 60 gold pieces
 14926 | D        | Bought a ration for 60 gold pieces
 14949 | D        | Noticed Geryon
 14952 | D        | Identified Sif Muna's Almanac of Air and Beguiling (Sif
                  | Muna gifted it to you in the Dungeon)
 14952 | D        | Received a gift from Sif Muna
 14953 | D        | Reached XP level 17. HP: 152/152 MP: 28/47
 14958 | D        | Killed Geryon
 14958 | D        | Identified Jiucsytz's Catalogue of Fetching Augmentations
                  | (Sif Muna gifted it to you in the Dungeon)
 14958 | D        | Received a gift from Sif Muna
 15074 | D        | Noticed the Serpent of Hell
 15076 | D        | Noticed a Brimstone Fiend
 15079 | D        | Noticed a quicksilver dragon
 15079 | D        | Killed a Brimstone Fiend
 15081 | D        | Killed the Serpent of Hell
 15081 | D        | Reached skill level 10 in Fire Magic
 15378 | D        | Got an obsidian rune of Zot
 15544 | D        | Noticed an iron giant
 15550 | D        | Reached skill level 27 in Spellcasting
 15552 | D        | Killed an iron giant
 15554 | D        | Identified Sif Muna's Almanac of Ice and Companions (Sif
                  | Muna gifted it to you in the Dungeon)
 15554 | D        | Received a gift from Sif Muna
 15811 | D        | Noticed a Hell Sentinel
 15816 | D        | Killed a Hell Sentinel
 15855 | D        | Found the +10 large shield of Ignorance {rN+ Int-4}
 15879 | D        | Identified Sif Muna's Volume of Lightness (Sif Muna gifted
                  | it to you in the Dungeon)
 15879 | D        | Received a gift from Sif Muna
 16039 | D        | Noticed a Hell Sentinel
 16039 | D        | Identified the +4 staff of Dispater
 16039 | D        | Noticed Dispater
 16041 | D        | Noticed a Hell Sentinel
 16046 | D        | Killed a Hell Sentinel
 16046 | D        | Killed from afar by a Hell Sentinel

Levels and vault maps discovered:
D:        dungeon_sprint_mu [sprint_mu_entry_cave, sprint_mu_temple_rooms,
          sprint_mu_d1_spiders, sprint_mu_d2_genie, sprint_mu_d3_branching,
          sprint_mu_orc_legion, sprint_mu_elf_gauntlet, sprint_mu_hive_nellie,
          sprint_mu_lair_fedhas, sprint_mu_vaults_butterflies,
          sprint_mu_slime_circle, sprint_mu_swamp_cave, sprint_mu_snake_twists,
          sprint_mu_blade_basic, sprint_mu_crypt_lich, sprint_mu_tomb_spiral,
          sprint_mu_vestibule_basic, sprint_mu_gehenna_hellfire,
          sprint_mu_dis_giant, sprint_mu_tartarus_statrot,
          sprint_mu_cocytus_islands, sprint_mu_zot1]

Skill      XL: |  1  2  3  4  5  6  7  8  9 10 11 12 13 14 15 16 17 |
---------------+----------------------------------------------------+-----
Conjurations   | 2 3 5 6 7 10 12 13 14 15 17 20 22 24 | 24.4
Fire Magic     | 4 5 7 8 8 12 | 12.5
Spellcasting   | 3 5 6 8 9 10 11 13 15 17 20 22 24 26 27 | 27.0
Fighting       | 2 6 7 9 |  9.9
Invocations    | 1 5 7 9 12 13 14 15 | 15.0
Ice Magic      | 2 7 10 12 13 16 20 23 24 | 24.0
Earth Magic    | 2 5 8 11 13 | 13.3
Necromancy     | 4 6 |  6.8
Transmutations | 5 9 |  9.8
Shields        | 9 13 18 20 | 20.5
Dodging        | |  1.7
Stealth        | |  1.7

Action                   |  1- 3 |  4- 6 |  7- 9 | 10-12 | 13-15 | 16-18 || total
-------------------------+-------+-------+-------+-------+-------+-------++-------
Melee: Double sword      |       |       |       |     4 |     8 |       ||    12
       Kick              |       |       |       |       |    12 |       ||    12
       Tailslap          |       |       |       |       |     7 |     1 ||     8
       Staff             |       |       |       |       |     4 |     3 ||     7
 Cast: Flame Tongue      |    21 |     7 |    30 |   101 |     7 |     1 ||   167
       Sticky Flame      |       |     5 |     8 |    34 |     6 |     6 ||    59
       Conjure Flame     |       |     2 |     6 |    15 |     1 |       ||    24
       Fireball          |       |     2 |    14 |    28 |    38 |     3 ||    85
       Blink             |       |       |     1 |     1 |    48 |     1 ||    51
       Throw Flame       |       |       |     7 |     7 |       |       ||    14
       Bolt of Magma     |       |       |       |    35 |    49 |    30 ||   114
       Bolt of Cold      |       |       |       |     9 |    43 |    11 ||    63
       Borgnjor's Vile C |       |       |       |     3 |    27 |    10 ||    40
       Statue Form       |       |       |       |       |    30 |    26 ||    56
       Lee's Rapid Decon |       |       |       |       |    28 |    15 ||    43
       Iron Shot         |       |       |       |       |    35 |    48 ||    83
       Apportation       |       |       |       |       |     1 |     4 ||     5
       Fire Storm        |       |       |       |       |     1 |       ||     1
       Glaciate          |       |       |       |       |       |    35 ||    35
Invok: Channel Magic     |       |       |     1 |     6 |    18 |    13 ||    38
       Forget Spell      |       |       |       |     1 |       |       ||     1
       Divine Exegesis   |       |       |       |       |     1 |     3 ||     4
 Abil: Breathe Frost     |       |       |     2 |     1 |       |       ||     3
Evoke: Wand              |       |       |       |       |    39 |       ||    39
  Use: Potion            |       |     1 |     1 |     3 |       |     3 ||     8
       Scroll            |       |       |     2 |       |    11 |     1 ||    14
  Eat: Chunk             |       |     1 |     5 |     3 |     6 |     6 ||    21
       Ration            |       |       |     1 |     7 |    10 |     5 ||    23
Armor: Skin              |     4 |     3 |       |    24 |    64 |   131 ||   226
Dodge: Dodged            |     4 |    10 |    16 |    85 |   138 |   123 ||   376
Block: Shield            |       |       |       |       |    52 |   107 ||   159
       Rpst.: Double sword |       |       |       |     4 |    23 |       ||    27
